[Event "44th Chess Olympiad Open 2022"]
[Site "Chennai"]
[Date "2022.07.30"]
[Round "2.37"]
[White "Galvez Dastin, Eduardo"]
[Black "Vera Siguenas, Deivy"]
[Result "1-0"]
[WhiteElo "2152"]
[BlackElo "2503"]
[Annotator "TA"]
[PlyCount "69"]
[EventDate "2022.??.??"]
[TimeControl "60"]

1. d4 Nf6 2. c4 e6 3. Nc3 Bb4 4. e3 O-O 5. Bd2 c5 6. a3 {[%emt 0:07:51] E46: Nimzo-Indian:
Rubinstein: 4 e3 0-0 5 Ne2 without early Bd3.} Bxc3 7. Bxc3 Ne4 8. Rc1 {[%emt 0:07:48] The position is
equal.} b6 9. Nf3 Bb7 10.
Bd3 Nxc3 11. Rxc3 cxd4 12. exd4 {[%emt 0:03:40] [#]} Qf6 $146 ({
Predecessor:} 12... d5 13. Ne5 g6 14. h4 dxc4 15. Bxc4 Nc6 16. h5 Nxe5 17. dxe5
Qxd1+ 18. Kxd1 Bxg2 {0-1 (39) Budisavljevic,L (2457)-Andreev,E (2420) Belgrade
2020}) 13. Bb1 d6 14. O-O Nd7 15. d5 (15. Qd3 $11 g6 16. Qd2) 15... e5 (15... exd5 $15 16. cxd5 g6) 16. Nd2 $40 {[%emt 0:09:40][%cal
Yf3d2,Yd2e4,Ye4g5,Yg5h3,Yh3f4] White mounts an attack.} g6 {[%emt 0:00:00]
Prevents Qh5.} 17. Ne4 Qe7 18. Qd2 Nc5 19. Ng5 {[%emt 0:01:54][%cal Yg5h7] aiming for
Nxh7!} Bc8 (19... f6 $11 20. Nxh7 Qxh7) 20. b4 $16 Nb7 21. f4 {[%emt 0:03:09] f5 is the strong threat.
White is much more active.} h6 (21... f6 $16) 22. Nh3 $1 $18 ({Don't do} 22. Ne4 $6 f5 $16) 22... f5 $2 (
22... Bxh3 {was worth a try.} 23. Rxh3 exf4 24. Qxf4 (24. Rxf4 Rfe8 $16) 24...
Qg5 25. Rxh6 Qxf4 26. Rxf4 Kg7) 23. fxe5 Qxe5 (23... dxe5 $142 24. c5 Qh4) 24. Nf4 Kh7 25.
Re1 Qf6 26. Rce3 $2 (26. Rh3
{[%cal Yf4g6] Black must now prevent Nxg6!} h5 27. Qe3) 26... Bd7 $2 (26... Nd8 {keeps fighting.} 27. c5 bxc5) 27. Re7+ Rf7
{[%emt 0:00:03] [#]} 28. Rxf7+ (28. R7e6 $1 $18 Bxe6 29. dxe6) 28... Qxf7 $16 29. Qd4 (29. h4
$16) 29... Re8 $14 30. Rxe8 Qxe8 31. Kf2 {[%emt 0:00:07][%cal Yg2g4] Against Qe1+} Qe7 $2 {
[%emt 0:00:42] [#]} (31... Qf8 $11 {and Black stays safe.}) 32. Qh8+ $3 $18 Kxh8 33. Nxg6+ Kg7 34. Nxe7 Kf6 35. Nc6 {[%emt 0:00:00]
Weighted Error Value: White=0.42/ Black=0.59} 1-0

[Event "44th Chess Olympiad Open 2022"]
[Site "Chennai"]
[Date "2022.07.30"]
[Round "2.38"]
[White "Adly, Ahmed"]
[Black "Tapia Ostolaza, Alexei"]
[Result "1-0"]
[WhiteElo "2582"]
[BlackElo "2201"]
[Annotator "TA"]
[PlyCount "81"]
[EventDate "2022.??.??"]
[TimeControl "60"]

1. Nf3 d5 2. g3 Nf6 3. Bg2 c5 4. O-O Nc6 5. d4 e6 6. c4 dxc4 7. Qa4 Bd7 8. Qxc4 cxd4 9. Nxd4 Rc8 10. Nc3 Be7 11. Rd1 {[%emt 0:00:14]
E04: Open Catalan: 5 Nf3.} Qb6 {[%emt 0:06:03] [#]} (11... Na5 $14 12. Qd3 O-O)
12. Nxc6 $1 $16 Bxc6 13. Be3 {[%emt 0:00:01]
White is better.} Qa5 14. Bxc6+ Rxc6 15. Qb3 Qa6 16. Nb5 (16. Rd4 $1 $14 Qb6 17. Qxb6 axb6 18. Ra4) 16... O-O $11 17. Nxa7 Rc4 {[%emt 0:02:28] [#]} 18. a4 $146 ({Predecessor:} 18. a3 Nd5 19. Nb5 Nxe3 20. fxe3 Rc5 21. a4 h5 22. Rac1
Rfc8 23. Rxc5 Rxc5 24. Rd7 {½-½ (41) Rogule,L (2264)-Chernyak,V (2180) Riga
2019}) 18... Nd5 19. Nb5 Rb4 20. Qc2 $36 {[%emt 0:00:11] Hoping for Bd2. White fights for an advantage.}
Nxe3 21. fxe3 Qb6 22. Rd4 e5 23. Re4 Qg6 24. Rc4 Qb6 25. Kf2 Qh6 26. h4 Rxc4 27. Qxc4 g5 {[%emt 0:00:26] [#]} 28. Rh1 ({White
should try} 28. hxg5 $1 $16 Bxg5 29. Kg2 (29. Qg4 Qh2+ 30. Kf3 h6 $14)) 28...
gxh4 29. gxh4 b6 (29... Kh8
$11) 30. Nc3 Bc5 (30... Kh8 $11) 31. Qg4+ $16 Kh8 (31... Qg6 $16 32. Rg1 Kh8) 32. Qg5 $18 {
[%emt 0:00:16] Active counter play!} Qxg5 33. hxg5 $16 {
[%emt 0:00:04] Endgame KRB-KRN} f5 34. Nd5 {[%emt 0:07:21]
aiming for b4.} f4 $2 (34... Rd8 $16) 35. Kf3 $18 fxe3+ 36. Nf6 Kg7 (36... e4+ $142 37. Kxe4 Rf7) 37. Rxh7+ Kg6 38. Kg4 {[%emt 0:00:04] Rh6+ is the strong threat. White is
clearly winning.} Bd4 39. Rh6+ Kf7 40. Kf5 Ke7 41. Rh7+ {
[%emt 0:30:34] Weighted Error Value: White=0.09 (flawless) /Black=0.32} 1-0

[Event "44th Chess Olympiad Open 2022"]
[Site "Chennai"]
[Date "2022.07.30"]
[Round "2.38"]
[White "Sanchez Alvarez, Roberto Carlos"]
[Black "Amin, Bassem"]
[Result "1-0"]
[WhiteElo "2431"]
[BlackElo "2680"]
[Annotator "TA"]
[PlyCount "65"]
[EventDate "2022.??.??"]
[TimeControl "60"]

1. d4 Nf6 2. c4 g6 3. Nc3 Bg7 4. e4 d6 5. h3 Nbd7 6. Be3 {[%emt 0:00:13] E71: King's Indian: 4 e4 d6
5 h3.} e5 7. d5 h5 (7... Nc5
$11) 8. Qd2 {[%emt 0:15:20] White is better.} Nc5 9. f3 h4 10. Bg5 {[%emt 0:11:28] [#]} Rh5 $146 ({Predecessor:} 10... Bf8 11. b4 Ncd7 12. Bd3 Be7
13. Be3 a5 14. bxa5 c6 15. Nge2 Qxa5 16. O-O Nh5 {0-1 (32) Tsolakidou,S (2377)
-Theodorou,N (2576) Charlotte 2021}) 11. b4 Ncd7 12. a3 a5 {[%emt 0:05:19] Strongly threatening ...axb4.}
13. Rb1 axb4 14. axb4 c5 (14... Rxg5 $5 15. Qxg5 Nh5 $14) 15. Nb5 Ra6 (15... Rxg5 $1 $11 {keeps the balance.} 16. Nxd6+ (16. Qxg5 Ke7
$14) 16... Ke7 17. Nxc8+ Qxc8 18. Qxg5 cxb4) 16. Be3 $1 $36 {[%emt 0:00:58]
Black is under pressure.} Bf8 17. Bd3 $1 cxb4 18. Qxb4 Nc5 19. Bxc5 ({White should play} 19. Bc2 $16) 19... dxc5 $11 20. Qb2 Bh6 21. Kf2 Kf8 22. Ne2 Ne8 23. Rhd1 Bd7 24. Bc2 Kg8 ({Don't play} 24... Qg5 25. Kf1 $14 (25. f4 Qf6 $11)) 25. Ra1 Qf6 ({Don't take} 25... Qg5 26. Kf1 $14) (25... Bxb5 $11
26. Qxb5 Nd6) 26. Rxa6 $16 {[%emt 0:03:21] Active counter play!} Qxa6 {[%emt 0:
08:06] [#]} 27. d6 (27. Nbc3 $1 $16 {Black must now prevent
Ra1.} Qa8 28. d6) 27... Bf8 $2 {[%emt 0:01:16] [#] This costs Black the game.}
(27... Qb6 $1 $14) 28. Nc7 $1 $18 ({Stronger than} 28. Ra1 Qb6
$11) 28... Qc6 (28... Qxc4 $142 29. Nxe8 Bxe8) 29. Nxe8 {
[%emt 0:00:37] White is clearly winning.} Bxe8 30. Nc3 Bxd6 (30... Qc8 $142 31. Nd5 Qd8) 31. Ba4 {
[%emt 0:01:02] Skewer} b5 32. Bxb5 Qb6 33. Nd5 {[%emt 0:00:10] Weighted Error Value: White=0.13 (very
precise) /Black=0.50} 1-0

[Event "44th Chess Olympiad Open 2022"]
[Site "Chennai"]
[Date "2022.07.30"]
[Round "2.38"]
[White "Wageih, Kareim"]
[Black "Leon Archibaldo, Orlando Andres"]
[Result "1-0"]
[WhiteElo "2387"]
[BlackElo "2193"]
[Annotator "TA"]
[PlyCount "95"]
[EventDate "2022.??.??"]
[TimeControl "60"]

1. e4 c5 2.
Nf3 e6 3. Nc3 a6 4. d4 cxd4 5. Nxd4 Qc7 6. Bd3 Nf6 7. Qe2 d6 8. f4 Nbd7 {[%emt 0:02:36]
B82: Sicilian Scheveningen: 6 f4.} 9. g4 Nc5 10. g5 Nfd7 {[%emt 0:00:21] White is
slightly better.} 11. Bd2 b5 12. b4 Nxd3+ 13. cxd3 Bb7 14. Rc1 Rc8 (14... Qd8 $16 {
was worth a try.}) 15. O-O $1 $18 {[%emt 0:00:08] [#] Threatens to win with f5.
} Qd8 $146 ({Predecessor:} 15... Qb8 16. f5 e5 17. Ne6 Bc6 18.
Be3 {1-0 (18) Liu,G (2460)-Pham,L (2354) Hanoi 2018}) 16. f5 $1 exf5 17. Nd5 {[%emt 0:02:52] Pair of Knights!} (17. Rxf5 g6
18. Rf2 Bg7 $15) (17. exf5+ Ne5 $14) (17. Nxf5 $6 g6 $18) 17... Ne5 18. Nxf5 (18. Rxf5 Rxc1+ 19. Bxc1 Be7 $11) 18... Bxd5 19. exd5 Rxc1 20. Bxc1 {
[%emt 0:00:37] And now d4 would win.} (20. Rxc1 Qd7 $16) 20... Kd7 (20... g6 {might work better.}) 21. d4 Nc4 {[%emt 0:01:
51] [#]} 22. Qg4 (22. Nxg7 $1 $18 Qe7 23. Qh5 $1) 22... Kc7
$16 23. Ne3 Nxe3 (23... Qe8
$16) 24. Rxf7+ $18 ({Less strong is} 24. Bxe3 Qe8 25. Bd2 h6
$16) 24... Be7 25. Bxe3 Kb6 26. Qf5 $2 (26. Rxg7 Qf8 27. Qd7 Qxg7 $11) (26. Bd2 $18 {
is more deadly.}) 26... Rf8 $16 27. Rxf8 {[%emt 0:05:07] 0x0.
001eb825a1bedp-1022s more active pieces.} Qxf8 {[%emt 0:00:07] Endgame KQB-KQB}
28. Qd7 Qd8 29. Qc6+ Ka7 30. h4 (30. Kf2 $16) 30... h6 $1 $14 31. Bf4 {[%emt 0:07:15] Hoping for Kf2.} hxg5 32. hxg5
{[%emt 0:00:01] Kf2 is the strong threat.} Qf8 $1 33. Qd7+ Kb6 34. Be3 g6 (34... Qd8 $16 {was called for.} 35. Qf5 Qg8) 35. Qe6 (
35. Qc6+ $18 Ka7 36. Qc2) 35... Qg7 36. Kg2 (
36. Qc8 $142 Qf8 37. Qc6+ Ka7 38. Qc2) 36... Kc7 $16 37. Bf4 $36 {[%emt 0:03:08] White is really pushing.} Bf8 $2 (37... Qf8 $16) 38. Qe8 $18 {[%emt 0:02:12] Black must now prevent
Qc6+.} Qe7 39. Qxg6 ({Not} 39. Qc6+ Kd8 $18)
39... Qe2+ 40. Kg3 Qe1+ 41.
Kg4 Qd1+ {[%emt 0:35:48] [#]} 42. Kf5 $1 {[%emt 0:00:00]
White threatens Qf7+ and mate.} Qd3+ 43. Kf6 Qxd4+ 44. Ke6 {[%emt 0:00:03] White mates.} ({Weaker is} 44.
Kf5 Qxd5+ 45. Kg4 Qd1+ 46. Kg3 Qe1+ 47. Kh3 Qf1+ 48. Kg4 Qd1+ 49. Kh4 Qh1+ 50.
Kg4 Qd1+ $11) 44... Kb6 45. Qf6 Qe4+ 46. Kd7 Qxd5 47. Qd8+ Kb7 48. Qc8+ {[%emt 0:00:00] Weighted Error
Value: White=0.25 (precise) /Black=0.68} 1-0

[Event "44th Chess Olympiad Open 2022"]
[Site "Chennai"]
[Date "2022.07.30"]
[Round "2.38"]
[White "Delgado Rosas, Alex Antonio"]
[Black "Hesham, Abdelrahman"]
[Result "0-1"]
[WhiteElo "2149"]
[BlackElo "2386"]
[Annotator "TA"]
[PlyCount "60"]
[EventDate "2022.??.??"]
[TimeControl "60"]

1.
d4 Nf6 2. Bf4 g6 3. Nc3 d5 4. e3 Bg7 5. Nb5 Na6 6. Nf3 {[%emt 0:
00:00] A45: Trompowsky Attack.} O-O {[%emt 0:00:16] 6...0-0 scores better than
6...c6.} 7. h3 Ne4 8. Bd3 {[%emt 0:06:04]
The position is equal.} c6 9. Nc3 Nxc3 10. bxc3 Qa5 11. O-O Qxc3 12. Bxa6 bxa6 {[%emt 0:
00:00] [#]} 13. Qd2 $146 ({Predecessor:} 13. Rb1 Bf5 14. Rb7
Rfe8 15. Ne5 f6 16. Nd3 e5 17. dxe5 fxe5 18. Bg3 Qa3 19. Qb1 {1-0 (50)
Sukandar,I (2392)-Assaubayeva,B (2439) Chess.com INT 2022}) 13... Qxd2 14. Nxd2 f6 15. Nb3 e5 16. Bg3 Bf5 17.
Rfc1 Rfe8 18. c4 Rac8 19. Rc3 Be6 20. cxd5 cxd5 (20... Bxd5 21. dxe5 fxe5 22. Rac1 $11)
21. Rac1 Rc4 22. Nc5 {[%emt 0:06:18] [#]} (
22. Na5 $11 {keeps the balance.}) 22... Bf7 $1 $17 ({Much
worse is} 22... exd4 $6 23. Rxc4 dxc4 24. Nxe6 Rxe6 25. exd4 $11) 23. Nxa6 (23. Rxc4 $17 dxc4 24. dxe5) 23... exd4 $19 24. exd4 Re2 ({Stronger than} 24... Rxd4 25.
Rc8 $17) 25. a3 (25. Nc7 $17 {was necessary.}) 25... Bh6 ({Not} 25... Rxd4 26. Rc8+ Bf8 27. R1c7 $15) 26. Rxc4 dxc4 27. Rc3 {[%emt 0:00:00] [#]} (
27. f4) 27... Bd2 28. Rc2 c3 29. Nc5 g5 30. Bc7 (30. Na4
$142 Bb3 31. Rxc3 Bxa4 32. Rc7) 30... Bg6 {[%emt 0:00:07] Weighted Error Value:
White=0.57/Black=0.15 (very precise)} 0-1

[Event "44th Chess Olympiad Open 2022"]
[Site "Chennai"]
[Date "2022.07.30"]
[Round "2.39"]
[White "Kadric, Denis"]
[Black "Abdulwahhab, Ahmed Abdulsattar A"]
[Result "1-0"]
[WhiteElo "2554"]
[BlackElo "2251"]
[Annotator "TA"]
[PlyCount "86"]
[EventDate "2022.??.??"]
[TimeControl "60"]

1. e4 c5 2. Nf3 Nc6 3. d4 cxd4 4. Nxd4 Qc7 5. Nc3 e6 6. Be3 a6 7. Qd2 Nf6 8. f3 Ne5 9. O-O-O Bb4 {[%emt 0:00:09] 9...Bb4 is better than 9...
b5.} 10. Nb3 b5 11. Qe1 {[%emt 0:00:30] B48:
Sicilian: Taimanov: 5 Nc3 Qc7 6 Be3 a6 without Be2.} (11. Kb1 $14 Be7 12. h4)
11... Rb8 $11 {[%emt 0:05:22] has lost popularity (11...Be7).} 12. Qg3 Nh5 (12... Bxc3 13. bxc3 O-O 14. Bc5 $16) 13.
Qh4 {[%emt 0:03:08] White is slightly better.} g6 14. g4 Be7 (14... Nxf3 $2 15. Qh3 Ne5 16. gxh5 $18)
15. Qf2 Nf6 {[%emt 0:02:18] [#]} 16. Bd4 $146 ({Predecessor:} 16. g5 Nh5 17. Kb1 O-O 18. Bd4 Nc4 19. Rg1 a5 20. Bxc4 bxc4 21.
Nc5 d6 22. N5a4 Bd7 23. Nb6 Be8 {½-½ (25) Salgado Lopez,I (2278)
-Javakhishvili,L (2456) Linares 2005}) 16... Nc6 (16... b4 $11
17. Na4 d6) 17. Be3 (17. g5 $14 Nxd4 18. Qxd4 Qf4+ 19. Kb1
Qxg5 20. e5) 17... d6 (17... Ne5 $11) 18. Kb1 (18. g5 $5 Nh5 19. Bg2 $11) 18... Na5 (18...
O-O $14) 19. Ba7 Rb7 {[%emt 0:02:13] Threatens to win with ...
Nxb3.} 20. Bd4 {[%emt 0:00:06] Hoping for g5. White is more active.} O-O $1 21. h4 Nc4 22. g5 $36 {
[%emt 0:02:10] White is pushing.} Nh5 23. f4 b4 24. Na4 e5 25. fxe5 dxe5 26. Bc5 (26. Bxc4 $5 Qxc4 27. Bxe5 $14 (27. Na5 Qb5 $17)) 26... Nd6 27. Qe3 ({Reject} 27. Bxa6 Nxe4 28. Qe3 Nxc5
29. Naxc5 Ra7 $15) 27... Nb5 (27... Nf4 $1 $11) 28. Bb6 $16 Qb8 29. Na5 Bg4 ({Better is} 29... Rd7 30. Bc4 Rxd1+ 31. Rxd1 Nd4) 30. Nxb7 Bxd1 31. Nbc5 {[%emt 0:00:04] Bxb5 is the strong threat.}
Nd4 {[%emt 0:01:46] [#]} 32. Bd3 Bg4 33. Nxa6 ({Don't play} 33. Bxa6 $6 Bd8 34. Bxd8 Rxd8 $11) 33... Qb7 34. Nc7 $2 {[%emt 0:00:27] [#] Against Ra8} (34. Bxd4 $16 exd4
35. Qxd4) 34... Bd7 $1 $19 35. Ba6 Qc6 36. Nd5 $2 (36. Bd3 Bd6 37. Nd5 (37. Bxd4 $2
exd4 38. Qxd4 Qxc7 $19) 37... Qxa4 38. Bxd4) 36... Qxc2+ 37.
Ka1 Bd6 38. Bxd4 Qxa4 39. Nb6 $2 (39. Bc4 exd4 40. Qxd4) 39... Qxa6 40. Nxd7 exd4 41. Qxd4 b3 42. a4 Ra8 {[%emt 0:00:00] aiming for ...Qc6.} 43. e5 Qc6 {
[%emt 0:00:00] Weighted Error Value: White=0.79/Black=0.22 (precise) . Loss on
time!?} 1-0

[Event "44th Chess Olympiad Open 2022"]
[Site "Chennai"]
[Date "2022.07.30"]
[Round "2.39"]
[White "Draskovic, Luka"]
[Black "Ahmed, Ali Layth Ahmed"]
[Result "1-0"]
[WhiteElo "2503"]
[BlackElo "2249"]
[Annotator "TA"]
[PlyCount "89"]
[EventDate "2022.??.??"]
[TimeControl "60"]

1. e4 c6 2. d4 d5 3. e5 Bf5 4. h4 h5 5. Bd3 Bxd3 6. Qxd3 {[%emt 0:00:06]
[%cal Ye5e6] B12: Caro-Kann: Advance Variation.} Qa5+ 7. Nd2 {
[%emt 0:01:03][%cal Ye5e6] Strongly threatening e6!} e6 8.
Ngf3 {[%emt 0:01:48] The position is equal.} Nh6 9. O-O Nf5 10. Nb3 $1 {[%emt 0:02:15] outshines the
older 10.c4.} Qb5 11. Qd1 c5 12. a4 Qb6 13. dxc5 Bxc5 14. Nxc5 Qxc5 15. c3 Nc6 16. Re1 Rd8 17. Bg5 Rd7 18. Rc1 Qb6
{[%emt 0:07:58] [#]} 19. b4 $146 ({
Predecessor:} 19. Nd4 Ncxd4 20. cxd4 Rc7 21. Rc3 Kd7 22. Qd3 Rhc8 23. Rec1 Qxb2
24. Rxc7+ Rxc7 25. Rb1 {0-1 (65) Fier,A (2583)-Vazquez,G (2545) Mexico City
2022}) 19... a6 20. Nd2 a5 {[%emt 0:06:44]
White leaves nothing to chance now.} (20... Nce7 $11 {keeps the balance.}) 21.
b5 $16 Nce7 22. c4 dxc4 {
[%emt 0:09:10][%cal Yc4c3] [#]} 23. Qf3 $1 ({Don't play} 23.
Rxc4 Qd8 $16) (23. Nxc4 Rxd1 24. Nxb6 Rxe1+ 25. Rxe1 Nd5 $16) 23... O-O 24. Nxc4 Qa7 (
24... Qc5 $16 25. Nxa5 (25. Qxh5 Qb4 $16) 25... Qa7) 25. Qxh5 $18 Ng6 26. Qg4 {[%emt 0:05:19] Hoping for h5.} Rd4 27. Re4 Rxe4 28. Qxe4 Rc8 $2 {[%emt 0:00:29] [#]} (28... Qd4 {was called for.} 29. Qxd4 (29. Qxb7
Ngxh4 30. Be3 Qg4 $18) 29... Nxd4) 29. Rd1 {[%emt 0:05:42] White is clearly
winning.} b6 30. h5 Nf8 31.
Nd6 Nxd6 32. exd6 Qd7 33. Be3 Rb8 34. h6 Ng6 35. hxg7 e5 36. f3 Kxg7 37. Qc6 Nf8 38. Bxb6 Rc8 39. Qxd7 Nxd7 {[%emt 0:00:00] Endgame KRB-KRN} 40. Bc7 Kf6 41. b6 Ke6 42. b7 Rg8 43. Rb1 Nb8 44. Rb5 f6 45. Rxa5 {
[%emt 0:00:07] Weighted Error Value: White=0.07 (flawless) /Black=0.32} 1-0

[Event "44th Chess Olympiad Open 2022"]
[Site "Chennai"]
[Date "2022.07.30"]
[Round "2.39"]
[White "Salih, Akar Ali Salih"]
[Black "Djukic, Nikola"]
[Result "0-1"]
[WhiteElo "2243"]
[BlackElo "2526"]
[Annotator "TA"]
[PlyCount "60"]
[EventDate "2022.??.??"]
[TimeControl "60"]

1. d4 d5 2. Nf3 Nf6 3. c4 c6 4. e3 Bg4 5. Nc3 e6 6. h3 {[%emt 0:00:26] D11: Slav Defence: 3
Nf3 sidelines and 3...Nf6 4 e3 Bg4.} Bf5 {[%emt 0:02:59] [#]} 7. Ne5 $146 {
[%emt 0:08:03] aiming for g4.} ({Predecessor:} 7. Nh4 Be4 8. Be2 Nbd7 9. O-O h6
10. Nxe4 dxe4 11. g3 Bd6 12. b4 Bxb4 13. Rb1 {1-0 (83) Antipov,M (2593)
-Motylev,A (2661) Sochi 2018}) 7... h6 8. Bd3 {[%emt 0:06:03]
The position is equal.} Bxd3 9. Qxd3 Nbd7 10. Nxd7 Qxd7 11. O-O Be7 12. c5 b6 13. b4 O-O 14. Bd2 Qc7 15. f4 Nd7 16. f5 (16. Qa6 $11) 16... e5 $15 17. Rac1 bxc5 18. bxc5 Rab8 (18...
Rfe8 $17) 19. Rc2 (19. e4 $1 $11) 19... Rfe8 $17 20. Be1 Bg5 21. h4 Bf6 22. Ne2 Qd8 23. Qa6 (23. g3 $17 {only move.}) 23... Qc8 $2 ({
Better is} 23... Bxh4 $19 24. Bd2 Qc7) 24. Qa4 $2 (24. Qxc8
$15 Rbxc8 25. g3) 24... exd4 $19 25. exd4 {[%emt 0:01:44] [#]}
Re4 $1 26. Bg3 Rb5 27. Rf4
$2 (27. Qxa7 {is more resistant.} Qe8 28. Nc3 (28. a4 $2 Rb3
$19) 28... Bxd4+ 29. Bf2 Bxc3 30. Rxc3) 27... Qe8 {[%emt 0:00:38] Hoping for ..
.Rxf4. Black is clearly winning.} 28. Qxa7 Nxc5 29. dxc5 Rxe2 30. Rxe2 (30. Qa4 $142 Rxc2 31. Qxc2) 30... Qxe2 {[%emt 0:00:14] Weighted Error Value:
White=0.80/Black=0.28 (precise)} 0-1

[Event "44th Chess Olympiad Open 2022"]
[Site "Chennai"]
[Date "2022.07.30"]
[Round "2.39"]
[White "Mohammed, Zozek Salah Mohamme"]
[Black "Blagojevic, Dragisa"]
[Result "0-1"]
[WhiteElo "2232"]
[BlackElo "2499"]
[Annotator "TA"]
[PlyCount "106"]
[EventDate "2022.??.??"]
[TimeControl "60"]

1. d4 d5 2. c4 e6 3. Nf3 Nf6 4. g3 dxc4 5. Bg2 Bb4+ 6. Bd2 a5 7. O-O O-O 8. Bg5 Nc6 9. e3 {[%emt 0:03:39] E11: Bogo-Indian.} h6 10. Bxf6 Qxf6 ({Don't take} 10... gxf6 11. a3
Bd6 12. Nbd2 $16) 11. Qc2 {[%emt 0:04:45] White has an edge.} e5 12. d5 Ne7 {[%emt 0:02:08] [#]} 13. Nfd2 $146 (13. a3 $11 Bd6 14. Qxc4) ({Predecessor:} 13. Qxc4 c6 14. dxc6
bxc6 15. Rd1 Nd5 16. a3 Ba6 17. Qc2 Be7 18. Rd2 Nb6 19. b3 {0-1 (44) Li,Y 
(2246)-Hong,A (2390) Chess.com INT 2019}) 13... Rd8 $15 14.
Ne4 Qa6 15. a3 Bd6 16. Nbd2 Nxd5 17. Nxd6 Qxd6 ({
Of course not} 17... Rxd6 18. Nxc4 Rd8 19. Nxe5 $11) 18. Nxc4 Qc5 19. Rfc1 f6 (19... Nb6
$1 $15) 20. Qd2 $11 {[%emt 0:10:25] Threatens to win with e4.} Be6 {[%emt 0:02:
56][%cal Yd5f4] [#]} 21. Nxe5 $1 Qe7 22. Nd3 (22. Ng6 {seems wilder.} Qe8 23. Qc2 c6 24. Be4) 22... Bf7 23. Qe2 c6 24. Nc5 a4 25. Qc2 Nb6 26.
Rd1 Rxd1+ (26... g5 $14) 27. Rxd1 $16 Nc4 28. Nxa4 Nxe3 29. fxe3 Qxe3+ 30. Qf2 $1 Qxf2+ 31. Kxf2 Rxa4 {[%emt 0:00:00]
Endgame [#] KRB-KRB} 32. Rd8+ $1 ({But not} 32. Rd7 $6 Rc4 $11
) 32... Kh7 33. Rd7 Bg6 34. Rxb7 Rc4 35. Re7 (35. Ke3 $16) 35... Bd3 (35... Kg8 $14) 36.
Ke3 $18 Bf5 37. Be4 {[%emt 0:01:11] Prevents
Rc2.} (37. Bf3 $18) 37... Bxe4 $11 38. Rxe4 {[%emt 0:00:00]
KR-KR} Rc2 39. Rb4 Rxh2 40. a4 Rh3 41. Kf3 Rh5 42. Rb6 Rc5 43.
Ke3 h5 44. b4 Rc3+ 45. Kd4 $2 (45. Kf2 $1
$11) 45... Rxg3 $19 46. Rxc6 h4 47. Rc1 {[%emt 0:00:09] [#] And now Ra1 would win.} Ra3 {[%emt 0:00:00]
Against Ra1} 48. a5 g5 49.
Kc5 $2 (49. Rb1) 49... g4 50. Rh1 h3 51. Kb6 Kg6 {[%emt 0:00:00]
aiming for ...Kg5.} 52. a6 Kg5 53. a7 Kh4 {[%emt 0:00:25] Black used his chance. Weighted Error
Value: White=0.43/Black=0.11 (very precise)} 0-1

[Event "44th Chess Olympiad Open 2022"]
[Site "Chennai"]
[Date "2022.07.30"]
[Round "2.40"]
[White "Kazhgaleyev, Murtas"]
[Black "Karimov, Alisher"]
[Result "0-1"]
[WhiteElo "2536"]
[BlackElo "2234"]
[Annotator "ChessBase"]
[PlyCount "54"]
[EventDate "2022.??.??"]
[TimeControl "60"]

1. d4 Nf6 2. c4 e6 3. Nc3 Bb4 4. e3 O-O 5. a3 Bxc3+ 6. bxc3 d6 7. Bd3 e5 8. Ne2 e4 9. Bb1 Be6 10. Ba2 Re8 11. Ng3 Nbd7 12. d5 Bg4 13.
f3 exf3 14. gxf3 Bh3 15. e4 h5 16. Rg1 h4 17. Ne2 Ne5 18.
Nd4 c5 19. dxc6 Qa5 20. Qc2 Nxf3+ 21. Nxf3 Rxe4+ 22. Kd1 Qf5 23. Qd3 Ng4 24. cxb7 Rae8 25. Kd2 Ne5 26. Nxe5 Qf2+ 27. Kd1 Bg4+ 0-1

[Event "44th Chess Olympiad Open 2022"]
[Site "Chennai"]
[Date "2022.07.30"]
[Round "2.40"]
[White "Nogerbek, Kazybek"]
[Black "Sharifov, Mekhriddin"]
[Result "1-0"]
[WhiteElo "2437"]
[BlackElo "2097"]
[Annotator "TA"]
[PlyCount "55"]
[EventDate "2022.??.??"]
[TimeControl "60"]

1. c4 Nf6 2. Nc3 e6 3. Nf3 c5 4. g3 b6 5. Bg2 Bb7 6. O-O Be7 7. d4 cxd4 8. Qxd4 d6 9. b3 O-O 10. Rd1 Nbd7 11. e4 a6 12. Ba3 Nc5 13. e5 dxe5 14. Qxd8 Rfxd8 15. Nxe5 Bxg2 16. Kxg2 Bf8 17. Bxc5 bxc5 {[%emt 0:07:37] A30: Symmetrical English: Double Fianchetto and
Hedgehog.} 18. Na4 g5 {[%emt 0:14:04] [#]} 19. Kf3 $146 ({Predecessor:} 19. f4 g4 20. Nb6 Rab8 21. Nbd7 Nxd7 22. Nxd7
Rbc8 23. Nf6+ Kg7 24. Nxg4 f6 25. Kf3 {1-0 (49) Bok,B (2624)-Rojas Daza,E
Chess.com INT 2021}) 19... h5 {[%emt 0:02:09] White is slightly better.} 20. h3 Bg7 {[%emt 0:01:45] [#]} (20... Rd6 $14) 21. Nc6 $1 $16 {
[%emt 0:08:03] Pair of Knights!} ({Much less strong is} 21. Nxc5 $6 g4+ 22. Ke2
(22. hxg4 Nxg4 23. Ned3 Bxa1 $11) 22... Nd5 23. cxd5 Bxe5 $14) 21... Rxd1 22. Rxd1 g4+ {[%emt 0:07:36] [#]} 23. hxg4 $1
{[%emt 0:00:17] White is more active.} hxg4+ 24. Kg2 (24. Kf4 $16) 24... Ne4 $14 25. Rd7 Kh7 (25... a5 $14) 26. Rxf7 {[%emt 0:04:45] Strongly
threatening Rf4.} Rc8 27. Ne5 {[%emt 0:03:23] aiming for Re7.}
Nf6 $2 (27... Kg8 $16 {is a better defense.} 28. Rf4 Nxf2) 28.
Re7 {[%emt 0:01:18] Weighted Error Value: White=0.14 (very precise) /Black=0.62
} 1-0